 Dungeon Crawl Stone Soup version 0.32-a0-834-geaf45d8e21 (webtiles) character file.

Game seed: 209778322812088590

53 AstroCodex24 the Covered (level 3, -3/30 HPs)
             Began as a Demigod Fighter on Mar 26, 2024.
             Killed from afar by Robin (5 damage)
             ... with a puff of flame
             ... on level 3 of the Dungeon.
             The game lasted 00:02:55 (671 turns).

AstroCodex24 the Covered (Demigod Fighter)           Turns: 671, Time: 00:02:55

Health: -3/30      AC: 10    Str: 21    XL:     3   Next: 41%
Magic:  5/5        EV:  8    Int: 10    God:
Gold:   58         SH:  4    Dex: 13    Spells: 2/2 levels left

rFire   . . .        a - +0 war axe
rCold   . . .        c - +0 buckler
rNeg    . . .        b - +0 scale mail
rPois   .            (no helmet)
rElec   .            (no cloak)
rCorr   .            i - +2 pair of gloves
SInv    .            (no boots)
Will    .....        (no amulet) Stlth
                     (no ring)
HPRegen 0.25/turn    (no ring)
MPRegen 0.09/turn

%: no passive effects
@: no status effects
A: high MP 1, forlorn, divine attributes
a: no special abilities


You were on level 3 of the Dungeon.
You visited 1 branch of the dungeon, and saw 3 of its levels.

You collected 58 gold pieces.

Inventory:

Hand Weapons
 a - a +0 war axe (weapon)
Armour
 b - a +0 scale mail (worn)
 c - a +0 buckler (worn)
 i - a +2 pair of gloves (worn)
Scrolls
 e - a scroll of revelation {unknown}
 f - 4 scrolls of teleportation {unknown}
 h - a scroll of immolation {unknown}
 j - 2 scrolls of identify {unknown}
Potions
 d - a potion of might
 g - a potion of curing {unknown}
 k - a potion of mutation {unknown}


   Skills:
 + Level 2.9 Fighting
 + Level 2.3 Axes
 + Level 3.2 Armour
 + Level 0.4 Dodging
 + Level 3.1 Shields


You had 2 spell levels left.
You didn't know any spells.
Your spell library contained the following spells:

 Spells                   Type           Power      Damage    Failure   Level
 Call Canine Familiar     Summ           0%         N/A       98%         3
 Sigil of Binding         Hex            0%         N/A       98%         3
 Dimensional Bullseye     Hex/Tloc       0%         N/A       100%        4


Dungeon Overview and Level Annotations

Branches:
Dungeon (3/15)

Annotations:
D:3 2 runed translucent doors, Robin


Innate Abilities, Weirdness & Mutations

You have an increased reservoir of magic. (+10% MP)
You shall have no god before yourself.
Your divine heritage dramatically boosts your attributes as you level up.


Message History

You slash the rat!
You kill the rat!
You barely miss the rat. You block the rat's attack.
You miss the goblin. You hit the rat.
Robin's bangles clink loudly.
The goblin hits you with a +0 dagger. You block the rat's attack.
You barely miss the goblin. You closely miss the rat.
You block the goblin's attack.
The rat bites you but does no damage. x2
A rat comes into view.
The goblin hits you with a +0 dagger.
The rat squeaks loudly.
You slash the goblin!
You kill the goblin!
You hit the rat.
You kill the rat!
Unknown command.
You slash the rat!
You kill the rat!
The rat bites you.
You slash the rat!
You kill the rat!
A rat comes into view.
Robin says, "My army is invincible!"
The rat squeaks loudly.
You slash the rat!
You kill the rat!
You hear a loud squeak.
You barely miss the rat. The rat bites you.
You slash the rat!
You kill the rat!
Robin zaps a wand.
The puff of flame hits you!
* * * LOW HITPOINT WARNING * * *
A rat comes into view.
You block Robin's attack.
The rat moves out of view.
Items here: ))) †††††††.
You slash Robin!
Robin is heavily wounded.
Robin zaps a wand.
The puff of flame hits you.
You die...
Robin lets out a smug laugh.

### ##r##....# #
#####......#.####
##
#..###.###.......
.#
##.....!†)....###.#
## #..#
#†.[........#
#..####).####)###.#
#...........rr#
#...####..###g# #
####..)# #..#
#@###.... ....†..#
#..# #.)......
####..#####..#
#####.###
#......#...
#..###.#.#.. ####
###....


You could see Robin and 2 rats.

Vanquished Creatures
  A ribbon worm (D:2)
  2 orcs (D:3)
  A bat (D:3)
  A giant cockroach (D:2)
  11 goblins
  5 hobgoblins
  3 jackals (D:3)
  A quokka (D:2)
  2 ball pythons
  2 frilled lizards
  3 kobolds
  14 rats
46 creatures vanquished.

Notes
Turn   | Place    | Note
-------+----------+-------------------------------------------
     0 | D:1      | AstroCodex24 the Demigod Fighter began the quest for the
                  | Orb.
     0 | D:1      | Reached XP level 1. HP: 18/18 MP: 3/3
   340 | D:2      | Reached XP level 2. HP: 25/25 MP: 4/4
   470 | D:3      | Found a runed translucent gate.
   470 | D:3      | Found a runed translucent gate.
   633 | D:3      | Reached XP level 3. HP: 18/30 MP: 5/5
   639 | D:3      | Noticed Robin
   669 | D:3      | HP: 1/30 [Robin/puff of flame (11)]
   671 | D:3      | Killed from afar by Robin

Illustrated notes

Levels and vault maps discovered:
D:1:      scummos_arrival_hexagon, layout_basic,
          chequers_ecumenical_altar_simple_redux, serial_bayou_crossing
D:2:      layout_basic, uniq_crazy_yiuf_cottage
D:3:      layout_loops_ring, cheibrodos_ashenzari_chains, minitemple,
          gammafunk_ghost_nasty_kobolds, grunt_ministairs_4, minmay_rat_hole,
          uniq_robin, uniq_sigmund

Skill      XL: |  1  2 |
---------------+-------+-----
Shields        | 3 |  3.1
Armour         | 3 |  3.2
Axes           | 2 |  2.3
Fighting       | |  2.9
Dodging        | |  0.4

Action                     || total
---------------------------++-------
  Melee: War axe           ||    97
 Armour: Scale mail        ||   107
  Dodge: Dodged            ||    62
  Block: Buckler           ||    39

Table legend: (Time is in decaauts)
 A = Elapsed time spent in this place.
 B = Non-inter-level travel time spent in this place.
 C = Inter-level travel time spent in this place.
 D = Time resting spent in this place.
 E = Time spent auto-exploring this place.
 F = Levels seen in this place.
 G = Mean time per level.
                   A        B        C        D        E       F      G
               +--------+--------+--------+--------+--------+-----+--------+
         Total |    712 |    703 |      9 |      0 |      0 |   3 |  237.3 |
       Dungeon |    712 |    703 |      9 |      0 |      0 |   3 |  237.3 |
               +--------+--------+--------+--------+--------+-----+--------+

Top non-repeatable levels by time:
     D:3: 258 daAuts
     D:2: 228 daAuts
     D:1: 225 daAuts
